 Dungeon Crawl Stone Soup version 0.27-a0-13-g87abb2d9eb (webtiles) character file.

Game seed: 1041149867403081661

198 Dirian the Covered (level 5, 0/47 HPs)
             Began as a Minotaur Fighter on Jan 2, 2021.
             Was an Initiate of Fedhas.
             Slain by Pikel
             ... wielding a +2 whip of flaming
              (6 damage)
             ... on level 4 of the Dungeon.
             The game lasted 00:04:47 (2902 turns).

Dirian the Covered (Minotaur Fighter)               Turns: 2902, Time: 00:04:48

Health: 0/47       AC:  8    Str: 21    XL:     5   Next: 47%
Magic:  4/4        EV:  7    Int:  5    God:    Fedhas [......]
Gold:   218        SH:  9    Dex: 10    Spells: 4/4 levels left

rFire    . . .     SeeInvis .   a - +0 long sword
rCold    . . .     Faith    .   c - +0 kite shield
rNeg     . . .     Spirit   .   b - +0 scale mail
rPois    .         Reflect  .   l - +0 hat
rElec    .         Harm     .   (no cloak)
rCorr    .         Rampage  .   q - +0 pair of gloves
Will     .....                  (no boots)
Stlth    ..........             (no amulet)
HPRegen  0.15/turn              (no ring)
MPRegen  0.09/turn              (no ring)

@: mighty
A: retaliatory headbutt, horns 2
a: Renounce Religion


You were on level 4 of the Dungeon.
You worshipped Fedhas.
Fedhas was noncommittal.
You visited 1 branch of the dungeon, and saw 4 of its levels.

You collected 218 gold pieces.

Inventory:

Hand Weapons
 a - a +0 long sword (weapon)
Missiles
 r - 3 javelins (quivered)
Armour
 b - a +0 scale mail (worn)
 c - a +0 kite shield (worn)
 l - a +0 hat (worn)
 q - a +0 pair of gloves (worn)
 x - the +1 ring mail of the Fifty Tusks {Int+6, unknown}
   (You found it on level 4 of the Dungeon)

   It affects your intelligence (+6).
Jewellery
 u - an uncursed amulet of reflection {unknown}
Scrolls
 e - 2 scrolls of remove curse {unknown}
 f - a scroll of immolation {unknown}
 g - a scroll of magic mapping {unknown}
 j - a scroll of enchant weapon {unknown}
 k - 3 scrolls of identify {unknown}
 m - a scroll of blinking {unknown}
 n - a scroll of enchant armour {unknown}
 p - a scroll of random uselessness {unknown}
Potions
 h - a potion of cancellation {unknown}
 i - 3 potions of curing {unknown}
 o - a potion of mutation {unknown}
 s - a potion of attraction {unknown}
 t - a potion of ambrosia {unknown}
 v - 2 potions of brilliance {unknown}
 w - a potion of haste {unknown}
 z - a potion of berserk rage {unknown}


   Skills:
 + Level 4.4 Fighting
 + Level 4.4 Long Blades
 * Level 1.5 Throwing
 + Level 4.7 Armour
 + Level 4.5 Shields


You had 4 spell levels left.
You didn't know any spells.
Your spell library was empty.

Dungeon Overview and Level Annotations

Branches:
Dungeon (4/15)
 Temple: D:4-7

Altars:
Cheibriados
Dithmenos
Fedhas
Okawaru
Zin

Annotations:
D:4 Pikel


Innate Abilities, Weirdness & Mutations

You reflexively headbutt those who attack you in melee.
You have a pair of horns on your head.


Message History

Pikel burns you.
* * * LOW HITPOINT WARNING * * *
You barely miss Pikel. Your headbutt misses Pikel.
Pikel is moderately wounded.
You block Pikel's attack.
You closely miss Pikel. Your headbutt misses Pikel.
Pikel is moderately wounded.
Pikel hits you but does no damage.
You barely miss Pikel.
Pikel is moderately wounded.
Pikel closely misses you.
You barely miss Pikel.
Pikel is moderately wounded.
Pikel barely misses you. You furiously retaliate!
You headbutt Pikel. You block Pikel's attack.
You slash Pikel!
Pikel is heavily wounded.
Pikel hits you with a +2 whip of flaming.
You die...
Fedhas appreciates your contribution to the ecosystem.

....... #.#####.###.
...... #.# #..##. #....#
#.# ##.##. . ..#
#.######.##. #.#5# #
#........... .####.#.##.#
##.#..#......
...........###.#...#...##.
#####.#.####..##.#####....
#.#5K@...#.#...#...##. #
########.....#.####.
#.......##...
#.....####.#. #.....# #.#.
#.....# #.## ###.#.# #.#
#.#.####.## #..........


You could see Pikel and a lemure.

Vanquished Creatures
  3 lemures
  An orc priest (D:4)
  A hound (D:4)
  2 worker ants
  An adder (D:4)
  An ooze (D:3)
  A worm (D:2)
  A dart slug (D:2)
  A leopard gecko (D:4)
  13 orcs
  8 bats
  4 giant cockroaches
  5 hobgoblins
  4 kobolds
  A quokka (D:2)
  7 frilled lizards
  6 goblins
  7 rats
67 creatures vanquished.

Notes
Turn   | Place    | Note
-------+----------+-------------------------------------------
     0 | D:1      | Dirian the Minotaur Fighter began the quest for the Orb.
     0 | D:1      | Reached XP level 1. HP: 19/19 MP: 0/0
   304 | D:1      | Reached XP level 2. HP: 27/27 MP: 1/1
  1074 | D:2      | Reached XP level 3. HP: 33/33 MP: 2/2
  1146 | D:2      | Found an iron altar of Okawaru.
  1310 | D:2      | Found a snail-covered altar of Cheibriados.
  1993 | D:3      | Reached XP level 4. HP: 34/34 MP: 3/3
  2092 | D:3      | Found a blossoming altar of Fedhas.
  2104 | D:3      | Found a glowing silver altar of Zin.
  2106 | D:3      | Became a worshipper of Fedhas Madash
  2107 | D:3      | Found a shadowy altar of Dithmenos.
  2259 | D:4      | Noticed a lemure
  2277 | D:3      | Reached skill level 1 in Throwing
  2278 | D:3      | Killed a lemure
  2289 | D:3      | HP: 1/39 [poisoned by a worker ant]
  2634 | D:4      | Reached XP level 5. HP: 46/47 MP: 4/4
  2793 | D:4      | Got a spiked ring mail
  2847 | D:4      | Noticed a lemure
  2848 | D:4      | Noticed a lemure
  2863 | D:4      | Killed a lemure
  2877 | D:4      | Killed a lemure
  2888 | D:4      | Noticed Pikel
  2890 | D:4      | Noticed a lemure
  2902 | D:4      | Slain by Pikel

Illustrated notes

Levels and vault maps discovered:
D:1:      lightli_arrival_statue_moat, layout_basic,
          minmay_misc_feat_secret_circle, minmay_splitting_lines
D:2:      layout_loops_cross, overflow_temple_1_default,
          nicolae_overflow_crystal_walls
D:3:      layout_basic, fedhas_altar_3,
          chequers_temple_overflow_statue_of_worship
D:4:      layout_loops_ring, minmay_temple_entry_grid, uniq_menkaure,
          uniq_pikel, uniq_grinder

Skill      XL: |  1  2  3  4 |
---------------+-------------+-----
Armour         | 4 |  4.7
Shields        | 4 |  4.5
Fighting       | 4 |  4.4
Long Blades    | 3 4 |  4.4
Throwing       | 1 |  1.5

Action                   |  1- 3 |  4- 6 || total
-------------------------+-------+-------++-------
Melee: Long sword        |   126 |    75 ||   201
       Headbutt          |    13 |    15 ||    28
  Use: Potion            |       |     1 ||     1
Armor: Scale mail        |    41 |    24 ||    65
Dodge: Dodged            |    32 |    20 ||    52
Block: Kite shield       |    63 |    33 ||    96
       Rpst.: Long sword |    10 |     3 ||    13

Table legend: (Time is in decaauts)
 A = Elapsed time spent in this place.
 B = Non-inter-level travel time spent in this place.
 C = Inter-level travel time spent in this place.
 D = Time resting spent in this place.
 E = Time spent auto-exploring this place.
 F = Levels seen in this place.
 G = Mean time per level.
                   A        B        C        D        E       F      G
               +--------+--------+--------+--------+--------+-----+--------+
         Total |   2966 |   2932 |     34 |    306 |   2127 |   4 |  741.5 |
       Dungeon |   2966 |   2932 |     34 |    306 |   2127 |   4 |  741.5 |
               +--------+--------+--------+--------+--------+-----+--------+

Top non-repeatable levels by time:
     D:1: 1053 daAuts
     D:3: 839 daAuts
     D:2: 667 daAuts
     D:4: 406 daAuts
